 Dungeon Crawl Stone Soup version 0.24-a0-190-g063869c372 (webtiles) character file.

Game seed: 6226666319914288132

372 MrRokkomies the Sneak (level 6, -2/39 HPs)
             Began as an Octopode Assassin on Mar 18, 2019.
             Was a Follower of Dithmenos.
             Killed by nerve-wracking pain
             ... invoked by Menkaure
              (10 damage)
             ... on level 5 of the Dungeon.
             The game lasted 00:10:45 (3426 turns).

MrRokkomies the Sneak (Octopode Assassin)           Turns: 3426, Time: 00:10:46

Health: -2/39      AC:  7    Str: 11    XL:     6   Next: 71%
Magic:  6/6        EV: 12    Int: 13    God:    Dithmenos [*.....]
Gold:   273        SH:  8    Dex: 15    Spells: 5/5 levels left

rFire    . . .     SeeInvis .   a - +2 dagger
rCold    . . .     Gourm    .   p - +0 shield
rNeg     . . .     Faith    .   (helmet restricted)
rPois    .         Spirit   .   (no amulet)
rElec    .         Reflect  .   s - +6 ring of protection
rCorr    .         Harm     .   (no ring)
MR       .....                  (no ring)
Stlth    +++++.....             (no ring)
HPRegen  0.13/turn              (no ring)
MPRegen  0.10/turn              (no ring)
                                (no ring)
                                (no ring)

@: about to teleport, wreathed by umbra
A: almost no armour, stealthy swim, amphibious, 8 rings, constrict 8, camouflage
1, gelatinous body 1
a: Renounce Religion


You were on level 5 of the Dungeon.
You worshipped Dithmenos.
Dithmenos was aware of your devotion.
You were hungry.

You visited 1 branch of the dungeon, and saw 5 of its levels.

You collected 273 gold pieces.

Inventory:

Hand Weapons
 a - a +2 dagger (weapon)
 b - a +0 blowgun
Missiles
 c - 5 poisoned needles
 d - 2 curare-tipped needles
 j - a throwing net
 k - 100 stones (quivered)
Armour
 o - a +0 buckler
 p - a +0 shield (worn)
Jewellery
 s - a +6 ring of protection (left tentacle)
Scrolls
 g - 2 scrolls of remove curse
 h - 2 scrolls of immolation
 r - a scroll of identify
Potions
 l - a potion of berserk rage {unknown}
 m - a potion of haste {unknown}
 n - a potion of agility {unknown}
 q - 2 potions of might {unknown}
Comestibles
 f - 13 rations


   Skills:
 - Level 2.0 Fighting
 - Level 2.0 Short Blades
 * Level 4.8 Throwing
 - Level 3.0 Dodging
 - Level 6.0 Stealth
 * Level 3.0 Shields


You had 5 spell levels left.
You didn't know any spells.
Your spell library was empty.

Dungeon Overview and Level Annotations

Branches:
Dungeon (5/15)
 Temple: D:4-7

Altars:
Cheibriados
Dithmenos
Fedhas
Hepliaklqana
Trog
Wu Jian
Xom
Yredelemnul

Annotations:
D:5 Menkaure


Innate Abilities, Weirdness & Mutations

You cannot wear most types of armour.
You are very stealthy in the water. (Stealth+)
You are amphibious.
You can wear up to eight rings at the same time.
You can use your tentacles to constrict eight enemies at once.
Your skin changes colour to match your surroundings (Stealth+).
Your rubbery body absorbs attacks. (AC +1, EV +1)


Message History

The centaur hits you.
You hit the centaur.
The centaur is moderately wounded.
The centaur barely misses you.
Menkaure gestures at you while chanting.
Pain shoots through your body!
The centaur hits you but does no damage.
As you read the scroll of teleportation, it crumbles to dust.
You feel strangely unstable. You block the centaur's attack.
You feel better. You block the centaur's attack.
The centaur closely misses you.
Menkaure gestures at you while chanting.
Pain shoots through your body!
* * * LOW HITPOINT WARNING * * *
You feel better. The centaur hits you.
* * * LOW HITPOINT WARNING * * *
The centaur hits you but does no damage.
Menkaure casts a spell at you. Pain shoots through your body!
You die...

>#### #......#.......###...#
...... #......#...=.....#....
......###..........^..<.....#.
...........................##.
....###........###............
# #.....##..##...........#
#..............#......##
................#####....
.......##@cZ........###..#
.....##....#...............
$..........##.(.......##...
....[......M#.Z......### ...
.....g...##..#.........# ..
.... ##...........# .# ...
#.##M............# .#
......##...........
.#......##...#......


You could see Menkaure, a centaur, a gnoll (wandering) and an adder skeleton.

Vanquished Creatures
  A howler monkey (D:4)
  An orc wizard (D:3)
  A centaur skeleton (D:4)
  2 worker ants (D:4)
  A worker ant zombie (D:5)
  6 adders
  6 gnolls
  A howler monkey skeleton (D:4)
  An ooze (D:4)
  2 adder skeletons
  4 worms
  2 leopard geckos
  An orc (D:4)
  A bat (D:1)
  8 giant cockroaches
  3 goblins
  5 hobgoblins
  9 jackals
  A quokka (D:3)
  5 ball pythons
  4 frilled lizards
  6 kobolds
  A leopard gecko skeleton (D:5)
  8 rats
80 creatures vanquished.

Notes
Turn   | Place    | Note
-------+----------+-------------------------------------------
     0 | D:1      | MrRokkomies the Octopode Assassin began the quest for the
                  | Orb.
     0 | D:1      | Reached XP level 1. HP: 14/14 MP: 1/1
    71 | D:1      | Reached XP level 2. HP: 13/19 MP: 2/2
   667 | D:2      | Reached XP level 3. HP: 18/24 MP: 3/3
   716 | D:2      | Found a snail-covered altar of Cheibriados.
  1007 | D:2      | Found a bloodstained altar of Trog.
  1250 | D:3      | Reached XP level 4. HP: 29/29 MP: 4/4
  1415 | D:3      | Found a shimmering altar of Xom.
  1489 | D:3      | Reached skill level 6 in Stealth
  1639 | D:3      | Found a blossoming altar of Fedhas.
  1711 | D:3      | Found a shadowy altar of Dithmenos.
  1732 | D:3      | Became a worshipper of Dithmenos the Shadowed
  1812 | D:3      | Found a basalt altar of Yredelemnul.
  1812 | D:3      | Found an ornate altar of the Wu Jian Council.
  1845 | D:3      | Found a hazy altar of Hepliaklqana.
  1862 | D:3      | Reached XP level 5. HP: 33/34 MP: 5/5
  2113 | D:4      | Reached skill level 1 in Shields
  2184 | D:4      | Reached XP level 6. HP: 26/39 MP: 6/6
  3069 | D:5      | Entered Level 5 of the Dungeon
  3315 | D:5      | Reached * piety under Dithmenos
  3381 | D:5      | Noticed Menkaure
  3426 | D:5      | Killed from afar by Menkaure

Levels and vault maps discovered:
D:1:      minmay_arrival_three_doors, layout_basic
D:2:      layout_rooms, lightli_temple_of_fire, nicolae_overflow_crystal_walls,
          dk_vineyard_3
D:3:      layout_loops_ring, tgw_xom, overflow_temple_1_default,
          fedhas_ov_isle_minmay, gammafunk_temple_overflow_elements,
          grunt_dithmenos_smoke
D:4:      layout_rooms
D:5:      layout_cave_pools, first_ration, basic_altar, uniq_menkaure

Skill      XL: |  1  2  3  4  5  6 |
---------------+-------------------+-----
Dodging        | 2 3 |  3.0
Throwing       | 3 4 |  4.8
Stealth        | 6 |  6.0
Shields        | 2 3 |  3.0
Fighting       | |  2.0
Short Blades   | |  2.0

Action                   |  1- 3 |  4- 6 || total
-------------------------+-------+-------++-------
Melee: Dagger            |    71 |    89 ||   160
       Constrict         |    16 |    25 ||    41
       Tentacles         |    11 |    30 ||    41
 Fire: Blowgun           |     3 |    21 ||    24
Throw: Stone             |     1 |     6 ||     7
  Use: Scroll            |     7 |     4 ||    11
       Potion            |       |     4 ||     4
 Stab: Sleeping          |    13 |     9 ||    22
       Distracted        |     1 |     1 ||     2
  Eat: Chunk             |     1 |     6 ||     7
Armor: Skin              |     9 |     8 ||    17
Dodge: Dodged            |    43 |    38 ||    81
Block: Shield            |       |    21 ||    21

Table legend:
 A = Non-vault XP
 B = Vault XP
 C = Vault XP percentage of total XP
 D = Non-vault monster count
 E = Vault monster count
 F = Vault count percentage of total count
                 A         B        C        D         E       F
            +---------+---------+-------+---------+---------+-------
      Total |     479 |      53 |  10.0 |      73 |       7 |   8.8
            +---------+---------+-------+---------+---------+-------
        D:1 |      32 |       0 |   0.0 |      17 |       0 |   0.0
        D:2 |      21 |       0 |   0.0 |      13 |       0 |   0.0
        D:3 |      66 |      53 |  44.5 |      17 |       7 |  29.2
        D:4 |     308 |       0 |   0.0 |      20 |       0 |   0.0
        D:5 |      52 |       0 |   0.0 |       6 |       0 |   0.0
            +---------+---------+-------+---------+---------+-------
